 Dungeon Crawl Stone Soup version 0.28.0-53-g5a82cb258f (webtiles) character file.

Game seed: 12467853583249287460

182 Tirrikindir the Ruffian (level 5, 0/53 HPs)
             Began as a Troll Fighter on Aug 7, 2022.
             Was a Follower of Wu Jian.
             Slain by a goblin
             ... wielding a +0 club
             ... led by Robin
              (2 damage)
             ... on level 4 of the Dungeon.
             The game lasted 00:06:33 (2477 turns).

Tirrikindir the Ruffian (Troll Fighter)             Turns: 2477, Time: 00:06:34

Health: 0/53       AC:  4    Str: 24    XL:     5   Next: 34%
Magic:  4/4        EV:  9    Int:  4    God:    Wu Jian [*.....]
Gold:   191        SH:  8    Dex: 11    Spells: 4/4 levels left

rFire   + . .      SeeInvis .     - Unarmed
rCold   . . .      Faith    .   b - +0 kite shield
rNeg    . . .      Spirit   .   a - +0 robe
rPois   +          Reflect  .   (helmet restricted)
rElec   .          Harm     .   (no cloak)
rCorr   .          Rampage  .   (gloves unavailable)
Will    .....                   (boots unavailable)
Stlth   +.........              (no amulet)
HPRegen 0.97/turn               i - ring of poison resistance
MPRegen 0.09/turn               k - ring of protection from fire

@: about to teleport
A: large, unfitting armour, claws 3, regeneration 1, shaggy fur 1, tough skin 1
a: Renounce Religion


You were on level 4 of the Dungeon.
You worshipped Wu Jian.
Wu Jian was aware of your devotion.
You visited 1 branch of the dungeon, and saw 4 of its levels.

You collected 191 gold pieces.

Inventory:

Missiles
 d - 4 boomerangs (quivered)
Armour
 a - a +0 robe (worn)
 b - a +0 kite shield (worn)
Jewellery
 i - a ring of poison resistance (left claw)
 k - a ring of protection from fire (right claw)
Wands
 e - a wand of digging (4)
Scrolls
 f - a scroll of vulnerability
 g - a scroll of fog
 h - a scroll of immolation
 j - a scroll of teleportation
Potions
 c - 2 potions of might
 l - a potion of attraction {unknown}
 o - a potion of mutation {unknown}


   Skills:
 + Level 3.2 Fighting
 + Level 3.2 Dodging
 + Level 3.2 Shields
 + Level 3.2 Unarmed Combat


You had 4 spell levels left.
You didn't know any spells.
Your spell library contained the following spells:

 Spells                   Type           Power      Damage    Failure   Level
 Beastly Appendage        Tmut           0%         N/A       80%         1
 Wereblood                Tmut           0%         N/A       90%         2
 Spider Form              Tmut/Pois      0%         N/A       99%         3


Dungeon Overview and Level Annotations

Branches:
Dungeon (4/15)
 Temple: D:4-7

Altars:
Cheibriados
Fedhas
Uskayaw
Wu Jian

Annotations:
D:4 Robin


Innate Abilities, Weirdness & Mutations

You are too large for most types of armour.
You have claws for hands.
Your natural rate of healing is unusually fast.
You are covered in fur. (AC +1)
You have tough skin. (AC +1)


Message History

Blork the orc is almost dead.
The goblin hits you with a +0 club. The goblin hits you with a +0 dagger.
Blork the orc points at you and mumbles some strange words.
The magic dart hits you!
The goblin hits you but does no damage. x2
You closely miss Blork the orc.
Blork the orc is almost dead.
The goblin hits you with a +0 dagger. Blork the orc barely misses you.
The goblin hits you with a +0 dagger.
* * * LOW HITPOINT WARNING * * *
The goblin hits you with a +0 club.
* * * LOW HITPOINT WARNING * * *
You closely miss Blork the orc.
Blork the orc is almost dead.
The goblin barely misses you. Blork the orc barely misses you.
The goblin hits you with a +0 dagger.
* * * LOW HITPOINT WARNING * * *
The goblin barely misses you.
You feel better. The goblin hits you but does no damage.
Blork the orc gestures at you while chanting.
The puff of frost hits you.
* * * LOW HITPOINT WARNING * * *
The goblin closely misses you. The goblin hits you with a +0 club.
* * * LOW HITPOINT WARNING * * *
You scratch Blork the orc.
You kill Blork the orc!
The Council accepts your kill. Robin throws the goblin at you!
The goblin hits you with a +0 dagger.
* * * LOW HITPOINT WARNING * * *
The goblin barely misses you.
Your Unarmed Combat skill increases to level 3!
You have reached level 5!
As you read the scroll of teleportation, it crumbles to dust.
You feel strangely unstable. The goblin hits you with a +0 dagger.
* * * LOW HITPOINT WARNING * * *
The goblin hits you but does no damage.
A goblin comes into view. It is wielding a +0 club.
The goblin hits you with a +0 dagger.
* * * LOW HITPOINT WARNING * * *
The goblin hits you with a +0 club.
You die...

### ...
#.#
#.#####.#
...$...<#
#.)...#.#
#####
#....
#g##......
#..g
#g@g......
#..
#g##.##...
#.


ggg# # # g..gg# ......n# ...(...# ##.##... #. #.. You could see a necrophage,
Robin, a hobgoblin (strong) and 8 goblins.

Vanquished Creatures
  Blork the orc (D:4)
  2 adders
  A worm (D:2)
  5 dart slugs (D:1)
  3 orcs (D:3)
  4 endoplasms
  2 giant cockroaches
  2 goblins
  9 hobgoblins
  7 jackals
  2 quokkas
  7 ball pythons
  7 bats
  16 frilled lizards
  5 kobolds
  A rat (D:1)
74 creatures vanquished.

Notes
Turn   | Place    | Note
-------+----------+-------------------------------------------
     0 | D:1      | Tirrikindir the Troll Fighter began the quest for the Orb.
     0 | D:1      | Reached XP level 1. HP: 22/22 MP: 0/0
   292 | D:1      | Reached XP level 2. HP: 29/29 MP: 1/1
   502 | D:1      | Reached XP level 3. HP: 36/36 MP: 2/2
  1519 | D:2      | Reached XP level 4. HP: 40/44 MP: 3/3
  2029 | D:3      | Found a faded altar of an unknown god.
  2181 | D:3      | Found a blossoming altar of Fedhas.
  2370 | D:3      | Found a snail-covered altar of Cheibriados.
  2370 | D:3      | Found a hide-covered altar of Uskayaw.
  2442 | D:3      | Prayed at the altar of an unknown god.
  2442 | D:3      | Became a worshipper of the Wu Jian Council
  2442 | D:3      | Reached * piety under Wu Jian
  2466 | D:4      | Noticed Blork the orc
  2467 | D:4      | Noticed Robin
  2469 | D:4      | Noticed a necrophage
  2476 | D:4      | Killed Blork the orc
  2477 | D:4      | Reached XP level 5. HP: 6/53 MP: 4/4
  2477 | D:4      | HP: 2/53 [goblin/+0 dagger[Robin] (3)]
  2477 | D:4      | Slain by a goblin

Illustrated notes

Levels and vault maps discovered:
D:1:      evilmike_arrival_crescent, layout_basic, corexii_hall_statues_x,
          minmay_misc_feat_tiny, minmay_lizard_pond
D:2:      layout_loops_corners
D:3:      layout_basic, fedhas_altar_1, gammafunk_temple_overflow_pools,
          shapermc_ecumenical_altar_notcrosses, minivault_14
D:4:      layout_basic, nemelex_spade_bored_becter, lemuel_tele_altar,
          lightli_corner_chamber, uniq_grinder, uniq_blork_the_orc, uniq_robin

Skill      XL: |  1  2  3  4 |
---------------+-------------+-----
Fighting       | 3 |  3.2
Shields        | 3 |  3.2
Dodging        | 3 |  3.2
Unarmed Combat | 3 |  3.2

Action                   |  1- 3 |  4- 6 || total
-------------------------+-------+-------++-------
Melee: Unarmed           |   139 |    61 ||   200
Invok: Lunge             |       |     1 ||     1
  Use: Scroll            |     3 |     4 ||     7
       Potion            |       |     1 ||     1
Armor: Robe              |    42 |    21 ||    63
Dodge: Dodged            |    44 |    25 ||    69
Block: Kite shield       |    36 |    14 ||    50
